 Dungeon Crawl Stone Soup version 0.23.1-37-gaa34b87 (webtiles) character file.

Game seed: 1624055391710872721

977 misha the Cleaver (level 7, 0/64 HPs)
             Began as a Minotaur Fighter on Mar 23, 2019.
             Was an Initiate of Trog.
             Slain by a gnoll
             ... wielding a +0 halberd
              (7 damage)
             ... on level 5 of the Dungeon.
             The game lasted 00:10:42 (4650 turns).

misha the Cleaver (Minotaur Fighter)                Turns: 4650, Time: 00:10:42

Health: 0/64       AC:  7    Str: 21    XL:     7   Next: 95%
Magic:  6/6        EV:  8    Int:  5    God:    Trog [......]
Gold:   40         SH: 10    Dex: 11    Spells: 6/6 levels left

rFire    . . .     SeeInvis .   a - +0 war axe
rCold    . . .     Gourm    .   c - +0 shield
rNeg     . . .     Faith    .   b - +0 scale mail
rPois    .         Spirit   .   (helmet restricted)
rElec    .         Reflect  .   (no cloak)
rCorr    .         Harm     .   (no gloves)
MR       .....                  (no boots)
Stlth    ..........             (no amulet)
HPRegen  0.20/turn              (no ring)
MPRegen  0.10/turn              (no ring)

@: no status effects
A: retaliatory headbutt, horns 2
a: Renounce Religion


You were on level 5 of the Dungeon.
You worshipped Trog.
Trog was noncommittal.
You were not hungry.

You visited 2 branches of the dungeon, and saw 6 of its levels.

You collected 157 gold pieces.
You spent 117 gold pieces at shops.

Inventory:

Hand Weapons
 a - a +0 war axe (weapon)
Armour
 b - a +0 scale mail (worn)
 c - a +0 shield (worn)
Scrolls
 e - 2 scrolls of amnesia {unknown}
 g - a scroll of teleportation {unknown}
 h - 2 scrolls of enchant armour {unknown}
 i - a scroll of enchant weapon {unknown}
 n - a scroll of remove curse {unknown}
 p - 2 scrolls of fear {unknown}
Potions
 d - 2 potions of might
 j - 2 potions of lignification
 k - 3 potions of haste
 l - 2 potions of degeneration
 m - a potion of flight {unknown}
 o - 2 potions of curing {unknown}
 q - a potion of agility
 r - a potion of heal wounds
Comestibles
 f - 2 rations


   Skills:
 + Level 6.6 Fighting
 * Level 8.0 Axes
 - Level 3.8 Armour
 + Level 6.5 Shields


You had 6 spell levels left.
You didn't know any spells.
Your spell library was empty.

Dungeon Overview and Level Annotations

Branches:
Dungeon (5/15)             Temple (1/1) D:5

Altars:
Ashenzari
Cheibriados
Dithmenos
Elyvilon
Gozag
Hepliaklqana
Kikubaaqudgha
Makhleb
Nemelex Xobeh
Okawaru
Qazlal
Sif Muna
Trog
Uskayaw
Vehumet
Wu Jian
Xom
Zin
The Shining One

Shops:
D:4 *


Innate Abilities, Weirdness & Mutations

You reflexively headbutt those who attack you in melee.
You have a pair of horns on your head.


Message History

The gnoll hits you from afar with a +0 spear!
The gnoll hits you from afar with a +2 spear of flaming!
The gnoll burns you. You block the gnoll's attack.
The gnoll hits you but does no damage.
The gnoll hits you from afar with a +0 spear.
* * * LOW HITPOINT WARNING * * *
You are too injured to fight recklessly!
You can't go up here!
Unknown command.
The gnoll hits you from afar with a +0 halberd!
* * * LOW HITPOINT WARNING * * *
The orc barely misses you. You block the gnoll sergeant's attack.
You block the gnoll's attack. The gnoll hits you.
* * * LOW HITPOINT WARNING * * *
The gnoll completely misses you. You block the gnoll's attack.
The gnoll hits you from afar with a +0 spear.
* * * LOW HITPOINT WARNING * * *
The gnoll barely misses you.
The gnoll hits you from afar with a +0 halberd!
You die...

# ## ##. .## ##..
...##
##.=.###...#...o
.....g..... ...
#..ogg# .g...
#..@).###.... .
...#g.g)g#....)?..
#(.ggg.ggg.......#
#....###...#.#...
...... #...##..g..
.......#.?...#
......gg...<.#
..........%.......#
########......##


You could see a gnoll sergeant, 11 gnolls and an orc.

Vanquished Creatures
  Grinder (D:3)
  An ogre (D:4)
  An ice beast (D:3)
  A phantom (D:4)
  4 hounds
  An orc wizard (D:4)
  Crazy Yiuf (D:3)
  A bullfrog skeleton (D:4)
  An iguana (D:4)
  2 worker ants
  A worker ant zombie (D:2)
  6 adders
  7 gnolls
  3 worms (D:2)
  4 dart slugs
  6 leopard geckos
  8 orcs
  A ball python (D:3)
  6 bats
  4 giant cockroaches
  9 goblins
  11 hobgoblins
  8 jackals
  3 kobolds (D:1)
  A quokka (D:4)
  10 frilled lizards
  6 rats
  2 bushes (D:3)
110 creatures vanquished.

Vanquished Creatures (others)
  2 orcs (D:4)
  A jackal (D:4)
3 creatures vanquished.

Grand Total: 113 creatures vanquished

Notes
Turn   | Place    | Note
-------+----------+-------------------------------------------
     0 | D:1      | misha the Minotaur Fighter began the quest for the Orb.
     0 | D:1      | Reached XP level 1. HP: 19/19 MP: 0/0
   603 | D:1      | Reached XP level 2. HP: 27/27 MP: 1/1
   728 | D:1      | Reached skill level 3 in Axes
   867 | D:1      | Reached XP level 3. HP: 33/33 MP: 2/2
  1552 | D:2      | Noticed a +0 hand axe
  1552 | D:2      | Noticed a +0 dagger
  1558 | D:2      | Found a hide-covered altar of Uskayaw.
  1564 | D:2      | Reached XP level 4. HP: 36/40 MP: 3/3
  1566 | D:2      | Reached skill level 4 in Axes
  1768 | D:2      | Found an ornate altar of the Wu Jian Council.
  2090 | D:3      | Reached XP level 5. HP: 47/47 MP: 4/4
  2197 | D:3      | Noticed an ice beast
  2293 | D:3      | Found a shattered altar of Ashenzari.
  2451 | D:3      | Reached skill level 5 in Axes
  2739 | D:3      | Noticed Grinder
  2740 | D:3      | Paralysed by Grinder for 5 turns
  2757 | D:3      | Killed Grinder
  2757 | D:3      | Reached skill level 5 in Fighting
  2757 | D:3      | Reached skill level 6 in Axes
  2757 | D:3      | Reached skill level 5 in Shields
  2757 | D:3      | Reached XP level 6. HP: 20/56 MP: 5/5
  3034 | D:3      | Killed an ice beast
  3140 | D:3      | Found a runed translucent door.
  3141 | D:3      | Noticed Crazy Yiuf
  3285 | D:3      | Paralysed by Crazy Yiuf for 5 turns
  3291 | D:3      | Killed Crazy Yiuf
  3291 | D:3      | Reached XP level 7. HP: 24/62 MP: 6/6
  3624 | D:4      | Reached skill level 7 in Axes
  3641 | D:4      | Found a shimmering altar of Xom.
  3888 | D:4      | Found Goenuagod's General Store.
  3896 | D:4      | Bought a potion of agility for 52 gold pieces
  3896 | D:4      | Bought a potion of heal wounds for 65 gold pieces
  4330 | D:5      | Entered Level 5 of the Dungeon
  4330 | D:5      | Found a staircase to the Ecumenical Temple.
  4338 | Temple   | Entered the Ecumenical Temple
  4342 | Temple   | Reached skill level 8 in Axes
  4626 | Temple   | Became a worshipper of Trog the Wrathful
  4650 | D:5      | Slain by a gnoll

Skill      XL: |  1  2  3  4  5  6  7 |
---------------+----------------------+-----
Axes           | 3 4 6 8 |  8.0
Shields        | 4 5 6 |  6.5
Fighting       | 4 5 6 |  6.6
Armour         | |  3.8

Action                   |  1- 3 |  4- 6 |  7- 9 || total
-------------------------+-------+-------+-------++-------
Melee: War axe           |   111 |   153 |    72 ||   336
       Headbutt          |    12 |    40 |    14 ||    66
  Use: Potion            |       |     1 |       ||     1
       Scroll            |       |       |     3 ||     3
  Eat: Chunk             |     2 |     4 |     3 ||     9
       Ration            |       |     1 |       ||     1
Armor: Scale mail        |    67 |    26 |    25 ||   118
Dodge: Dodged            |    29 |    20 |    33 ||    82
Block: Shield            |    64 |    45 |    49 ||   158
